 Dungeon Crawl Stone Soup version 0.27.1-33-g824d729ab1 (webtiles) character file.

Game seed: 11751053741693394528

86 MisterFreud the Chopper (level 4, -9/39 (40) HPs)
             Began as a Hill Orc Abyssal Knight on Dec 20, 2021.
             Was a Believer of Lugonu.
             Mangled by a wight (11 damage)
             ... on level 2 of the Dungeon.
             The game lasted 00:03:29 (2608 turns).

MisterFreud the Chopper (Hill Orc Abyssal Knight)   Turns: 2608, Time: 00:03:30

HP:   -9/39 (40)    AC: 14    Str: 15    XL:     4   Next: 49%
MP:   5/5           EV:  6    Int: 12    God:    Lugonu [**....]
Gold: 117           SH:  0    Dex: 10    Spells: 3/3 levels left

rFire    . . .     SeeInvis .   a - +1 hand axe
rCold    . . .     Faith    .   (no shield)
rNeg     . . .     Spirit   .   g - +0 chain mail
rPois    .         Reflect  .   (no helmet)
rElec    .         Harm     .   (no cloak)
rCorr    .         Rampage  .   j - +0 pair of gloves
Will     .....                  (no boots)
Stlth    ..........             (no amulet)
HPRegen  0.13/turn              p - +4 ring of protection
MPRegen  0.09/turn              (no ring)

@: mighty, attractive, lightly drained
A: no striking features
a: Renounce Religion, Depart the Abyss, Bend Space


You were on level 2 of the Dungeon.
You worshipped Lugonu.
Lugonu was pleased with you.
You visited 1 branch of the dungeon, and saw 3 of its levels.
You visited the Abyss 1 time.

You collected 117 gold pieces.

Inventory:

Hand Weapons
 a - a +1 hand axe (weapon)
Missiles
 i - 10 poisoned darts (quivered)
Armour
 b - a +0 leather armour
 g - a +0 chain mail (worn)
 j - a +0 pair of gloves (worn)
Jewellery
 p - a +4 ring of protection (left hand)
Scrolls
 c - a scroll of vulnerability {unknown}
 d - 3 scrolls of identify {unknown}
 e - 3 scrolls of amnesia {unknown}
 f - a scroll of blinking {unknown}
 h - 3 scrolls of fog {unknown}
 k - a scroll of summoning {unknown}
 l - a scroll of teleportation {unknown}
Potions
 o - a potion of curing {unknown}


   Skills:
 - Level 3.9 Fighting
 + Level 4.8 Axes
 + Level 3.3 Armour
 - Level 0.7 Dodging
 - Level 2.6 Invocations


You had 3 spell levels left.
You didn't know any spells.
Your spell library was empty.

Dungeon Overview and Level Annotations

Branches:
Dungeon (3/15)

Altars:
Elyvilon


Message History

A wight is nearby!
A wight comes into view. It is wielding a +0 great sword.
The wight hits you with a +0 dire flail.
You feel drained.
You closely miss the wight.
The wight hits you with a +0 dire flail.
The wight barely misses you.
You hit the wight.
The wight is lightly damaged.
The wight hits you from afar with a +0 spear.
The wight hits you but does no damage.
You hit the wight but do no damage.
The wight is lightly damaged.
The wight hits you with a +0 dire flail!
The wight hits you from afar with a +0 spear.
You closely miss the wight.
The wight is lightly damaged.
The wight hits you but does no damage.
There is an open door here.
There is a stone staircase leading up here.
You climb upwards.
There is a stone staircase leading down here.
You hit the wight.
The wight is lightly damaged.
The wight hits you with a +0 dire flail.
You hit the wight.
The wight is heavily damaged.
The wight hits you with a +0 dire flail!
* * * LOW HITPOINT WARNING * * *
You hit the wight but do no damage.
The wight is heavily damaged.
The wight hits you with a +0 dire flail.
* * * LOW HITPOINT WARNING * * *
It was a potion of might.
You feel very mighty all of a sudden. The wight completely misses you.
It was a potion of attraction.
You feel attractive to monsters.
The wight hits you with a +0 dire flail!
You die...

#..รท....##.#####.
####.##.......##.
#..#####.##.##.
#.## #....... #.#
##.....# ####.####
#.....# #.......#
#.....# #.##.##.#
#.....# #@##.##.#
#.....# #z##..#>#
#######
#.###.#.########
#.###.#........#
#........#####.###
#####.##.#####.##.
#..........##.
####.##.##.##.
#.##.##.##.


You could see a wight.

Vanquished Creatures
  2 adders (D:2)
  3 worms (D:2)
  2 dart slugs
  An orc (D:3)
  An endoplasm (D:1)
  2 giant cockroaches (D:1)
  8 goblins
  5 hobgoblins
  2 jackals (D:2)
  4 quokkas
  4 ball pythons
  6 bats
  2 frilled lizards (D:2)
  5 kobolds
  6 rats
53 creatures vanquished.

Vanquished Creatures (others)
  2 fungi (D:1)
  A plant (D:1)
3 creatures vanquished.

Grand Total: 56 creatures vanquished

Notes
Turn   | Place    | Note
-------+----------+-------------------------------------------
     0 | Abyss:1  | MisterFreud the Hill Orc Abyssal Knight began the quest for
                  | the Orb.
     0 | Abyss:1  | Reached XP level 1. HP: 19/19 MP: 2/2
    62 | Abyss:1  | Noticed a hell hound
    62 | Abyss:1  | Noticed a hell hound
    63 | D:1      | Escaped the Abyss
   149 | D:1      | Reached skill level 3 in Axes
   149 | D:1      | Reached XP level 2. HP: 27/27 MP: 3/3
   322 | D:1      | Reached * piety under Lugonu
   350 | D:1      | Found a faded altar of an unknown god.
   871 | D:1      | Reached XP level 3. HP: 33/33 MP: 4/4
  1016 | D:2      | Reached skill level 4 in Axes
  1716 | D:2      | Reached XP level 4. HP: 33/40 MP: 5/5
  2447 | D:3      | Reached ** piety under Lugonu
  2476 | D:3      | Found a white marble altar of Elyvilon.
  2608 | D:2      | Mangled by a wight

Illustrated notes

Levels and vault maps discovered:
D:1:      dpeg_arrival_tiny_c, layout_loops_ring, shapermc_ecumenical_altar_gd
D:2:      layout_loops_cross, minmay_pentomino_s2
D:3:      minmay_spotlight, layout_basic, mainiacjoe_overflow_small_starburst,
          st_stairs_13, corexii_shack

Skill      XL: |  1  2  3 |
---------------+----------+-----
Axes           | 3 4 |  4.8
Armour         | 3 |  3.3
Fighting       | |  3.9
Dodging        | |  0.7
Invocations    | |  2.6

Action                   |  1- 3 |  4- 6 || total
-------------------------+-------+-------++-------
Melee: Hand axe          |   134 |    60 ||   194
Invok: Depart the Abyss  |     1 |       ||     1
  Use: Potion            |       |     2 ||     2
Armor: Leather armour    |     7 |       ||     7
       Chain mail        |    83 |    32 ||   115
Dodge: Dodged            |    46 |    15 ||    61
